 Dungeon Crawl Stone Soup version 0.23.2-1-ga50397a (webtiles) character file.

Game seed: 4487979057709742696

2282 xveg the Basher (level 9, -3/93 HPs)
             Began as an Ogre Berserker on May 7, 2019.
             Was a High Priest of Trog.
             Slain by a bullfrog (6 damage)
             ... on level 6 of the Dungeon.
             The game lasted 00:17:22 (5060 turns).

xveg the Basher (Ogre Berserker)                    Turns: 5060, Time: 00:17:22

Health: -3/93      AC: 14    Str: 26    XL:     9   Next: 39%
Magic:  9/9        EV:  7    Int:  8    God:    Trog [*****.]
Gold:   176        SH: 15    Dex:  8    Spells: 8/8 levels left

rFire    . . .     SeeInvis .   s - +4 flail (protect)
rCold    . . .     Gourm    .   g - +0 large shield
rNeg     . . .     Faith    .   b - +1 animal skin
rPois    +         Spirit   .   w - +1 hat
rElec    .         Reflect  .   r - +1 cloak {rPois}
rCorr    .         Harm     .   (gloves unavailable)
MR       .....                  (boots unavailable)
Stlth    +.........             (no amulet)
HPRegen  0.25/turn              (no ring)
MPRegen  0.11/turn              (no ring)

@: protection aura, berserk cooldown
A: large, unfitting armour, tough skin 1
a: Berserk, Trog's Hand, Brothers in Arms, Renounce Religion


You were on level 6 of the Dungeon.
You worshipped Trog.
Trog was extremely pleased with you.
You were not hungry.

You visited 1 branch of the dungeon, and saw 7 of its levels.
You also visited: Ossuary.

You collected 332 gold pieces.
You spent 156 gold pieces at shops.

Inventory:

Hand Weapons
 a - a +0 mace
 l - a +0 shortbow
 m - a +3 dagger of holy wrath
 n - a cursed -2 flail
 q - a +3 quarterstaff of chaos
 s - a +4 flail of protection (weapon)
Armour
 b - a +1 animal skin (worn)
 g - a +0 large shield (worn)
 r - a +1 cloak of poison resistance (worn)
 u - a scarf of repulsion
 w - a +1 hat (worn)
Jewellery
 y - an uncursed ring of ice {unknown}
Wands
 h - a wand of digging (6)
Scrolls
 o - 4 scrolls of identify
Potions
 d - a potion of might {unknown}
 e - 2 potions of heal wounds {unknown}
 f - 4 potions of curing
 i - 3 potions of flight {unknown}
 j - 2 potions of haste {unknown}
 k - 4 potions of ambrosia {unknown}
 p - a potion of lignification {unknown}
 t - 3 potions of agility
 v - 2 potions of resistance {unknown}
 x - 2 potions of degeneration {unknown}
 z - 3 potions of mutation {unknown}
 A - a potion of brilliance {unknown}
Comestibles
 c - 3 rations


   Skills:
 * Level 7.3 Fighting
 * Level 8.8 Maces & Flails
 + Level 5.1 Dodging
 + Level 0.6 Stealth
 + Level 3.9 Shields


You had 8 spell levels left.
You didn't know any spells.
Your spell library was empty.

Dungeon Overview and Level Annotations

Branches:
Dungeon (7/15)             Temple (0/1) D:5

Altars:
Cheibriados
Elyvilon
Gozag
Qazlal
Ru
Trog
Wu Jian
Xom

Shops:
D:4 (([


Innate Abilities, Weirdness & Mutations

You are too large for most types of armour.
You have tough skin. (AC +1)


Message History

The bullfrog hits you but does no damage.
You hit the bullfrog.
Your weapon exudes an aura of protection.
The bullfrog is moderately wounded.
You block the bullfrog's attack. The bullfrog hits you!
* * * LOW HITPOINT WARNING * * *
You completely miss the bullfrog.
The bullfrog is moderately wounded.
The bullfrog hits you but does no damage. x3
You closely miss the bullfrog.
The bullfrog is moderately wounded.
You feel yourself speed up. The bullfrog hits you.
* * * LOW HITPOINT WARNING * * *
You block the bullfrog's attack.
You sock the bullfrog!
Your weapon exudes an aura of protection.
The bullfrog is severely wounded.
You block the bullfrog's attack. The bullfrog hits you.
You die...

#.# ###.###..##.##### #.#
#...............# #.#
#.#####.###.###.# #.# #.#
#.# #.# #.# #.### ###.###
#.# #.###.# #...# #.....#
#.# #..##.# ###.# #.....#
#.# ##.##.# #.# #.....#
#.# #.##.# #.#
#...@F###.####.##.# #.#
#....>##..........#
#.############.####..####
#.#......# #.#......#
#.#.####.# #.#.##..##
##.#.####.#####>.....##
#............####.####
##.#.#..#.##.####.#
###.#..#.........#


You could see a bullfrog.

Vanquished Creatures
  2 sky beasts (D:7)
  2 centaurs
  2 big kobolds
  4 elf zombies (Ossuary)
  2 bullfrogs (D:6)
  2 scorpions
  4 howler monkeys
  2 bullfrog zombies
  3 crimson imps
  A quasit (D:7)
  A centaur zombie (Ossuary)
  A human zombie (Ossuary)
  A jelly (D:5)
  Crazy Yiuf (D:3)
  4 orc priests
  3 hounds
  6 orc wizards
  Jessica (D:3)
  2 iguanas
  Terence (D:3)
  4 worker ants
  A killer bee zombie (D:6)
  A big kobold zombie (Ossuary)
  2 mummies (Ossuary)
  2 worker ant zombies (D:5)
  6 adders
  A gnoll (D:7)
  A howler monkey skeleton (D:5)
  A shadow imp (D:7)
  A worm (D:2)
  6 leopard geckos
  20 orcs
  5 bats
  3 giant cockroaches
  4 goblins
  6 hobgoblins
  2 jackals (D:6)
  9 kobolds
  3 quokkas
  5 ball pythons
  6 frilled lizards
  A goblin zombie (Ossuary)
  9 hobgoblin zombies (Ossuary)
  A jackal skeleton (D:4)
  A jackal zombie (Ossuary)
  10 kobold zombies (Ossuary)
  A leopard gecko skeleton (D:5)
  8 orc zombies (Ossuary)
  2 quokka zombies (D:5)
  3 rats
  2 rat zombies
172 creatures vanquished.

Notes
Turn   | Place    | Note
-------+----------+-------------------------------------------
     0 | D:1      | xveg the Ogre Berserker began the quest for the Orb.
     0 | D:1      | Reached XP level 1. HP: 24/24 MP: 1/1
    65 | D:1      | HP: 1/24 [hobgoblin/+0 club (5)]
   585 | D:1      | Reached skill level 3 in Maces & Flails
   585 | D:1      | Reached XP level 2. HP: 31/32 MP: 2/2
   753 | D:1      | You fall through a shaft!
   754 | D:2      | Found a white marble altar of Elyvilon.
   889 | D:2      | Reached XP level 3. HP: 25/40 MP: 3/3
  1160 | D:2      | Found an opulent altar of Gozag.
  1671 | D:3      | Noticed Terence
  1671 | D:3      | Noticed Jessica
  1691 | D:3      | Killed Terence
  1691 | D:3      | Reached XP level 4. HP: 35/49 MP: 4/4
  1696 | D:3      | Killed Jessica
  1979 | D:3      | Reached ** piety under Trog
  2106 | D:3      | Found a faded altar of an unknown god.
  2111 | D:3      | Reached XP level 5. HP: 47/55 MP: 5/5
  2126 | D:3      | Reached skill level 1 in Shields
  2136 | D:3      | Reached skill level 4 in Maces & Flails
  2265 | D:3      | Found a runed translucent door.
  2266 | D:3      | Noticed Crazy Yiuf
  2272 | D:3      | Killed Crazy Yiuf
  2381 | D:4      | Found an ornate altar of the Wu Jian Council.
  2440 | D:4      | Found Sysmaclu's Antique Weapon Shop.
  2451 | D:4      | Found Giniutiz's Armour Boutique.
  2503 | D:4      | Reached skill level 5 in Fighting
  2525 | D:4      | Found a shimmering altar of Xom.
  2959 | D:4      | Found Fetiaph's Antique Weapon Shoppe.
  2963 | D:4      | Bought a runed flail for 156 gold pieces
  3141 | D:5      | Entered Level 5 of the Dungeon
  3148 | D:5      | Reached XP level 6. HP: 65/66 MP: 6/6
  3194 | D:5      | Reached skill level 5 in Maces & Flails
  3221 | D:5      | Found a sand-covered staircase.
  3245 | Ossuary  | Entered an ossuary
  3279 | Ossuary  | Reached *** piety under Trog
  3387 | Ossuary  | Reached XP level 7. HP: 72/72 MP: 7/7
  3468 | Ossuary  | Reached skill level 6 in Maces & Flails
  3550 | Ossuary  | Reached **** piety under Trog
  3604 | D:5      | Found a sacrificial altar of Ru.
  3653 | D:5      | Reached XP level 8. HP: 83/83 MP: 8/8
  3734 | D:5      | Found a staircase to the Ecumenical Temple.
  3802 | D:5      | Reached skill level 7 in Maces & Flails
  3967 | D:5      | Found a bloodstained altar of Trog.
  4270 | D:6      | Found a snail-covered altar of Cheibriados.
  4319 | D:6      | Reached skill level 8 in Maces & Flails
  4446 | D:6      | Found a stormy altar of Qazlal.
  4706 | D:6      | Reached XP level 9. HP: 85/93 MP: 9/9
  4913 | D:7      | Reached ***** piety under Trog
  5016 | D:7      | Reached skill level 5 in Dodging
  5057 | D:6      | HP: 3/93 [bullfrog (8)]
  5060 | D:6      | Slain by a bullfrog

Skill      XL: |  1  2  3  4  5  6  7  8  9 |
---------------+----------------------------+-----
Maces & Flails | 3 4 5 6 8 |  8.8
Dodging        | 3 4 5 |  5.1
Shields        | 1 2 3 |  3.9
Fighting       | 5 7 |  7.3
Stealth        | |  0.6

Action                   |  1- 3 |  4- 6 |  7- 9 || total
-------------------------+-------+-------+-------++-------
Melee: Mace              |   119 |   110 |       ||   229
       Flail             |       |    97 |   351 ||   448
Invok: Berserk           |     1 |     1 |     1 ||     3
  Use: Scroll            |     2 |     9 |     1 ||    12
       Potion            |       |       |     1 ||     1
 Stab: Paralysed         |       |       |     1 ||     1
  Eat: Ration            |     1 |     2 |     1 ||     4
       Chunk             |       |     1 |     3 ||     4
Armor: Animal skin       |    54 |    88 |   172 ||   314
Dodge: Dodged            |    75 |    53 |    74 ||   202
Block: Large shield      |    50 |   167 |   248 ||   465
